 Dungeon Crawl Stone Soup version 0.22.1-2-g9c5b331383 (webtiles) character file.

161767 Ihlosi the Warrior (level 18, -10/122 HPs)
             Began as a Kobold Gladiator on Dec 20, 2018.
             Was a High Priest of Kikubaaqudgha.
             Mangled by a golden dragon simulacrum (20 damage)
             ... in an ice cave on Dec 21, 2018.
             The game lasted 03:27:17 (39018 turns).

Ihlosi the Warrior (Kobold Gladiator)              Turns: 39018, Time: 03:27:19

Health: -10/122    AC: 11    Str: 22    XL:     18   Next: 42%
Magic:  27/27      EV: 31    Int: 16    God:    Kikubaaqudgha [*****.]
Gold:   1749       SH: 11    Dex: 26    Spells: 4/29 levels left

rFire    . . .     SeeInvis +   b - +0 scimitar (flame)
rCold    + . .     Gourm    .   i - +0 buckler
rNeg     . . .     Faith    .   p - +0 leather armour {rF+}
rPois    +         Spirit   .   c - +0 helmet
rElec    .         Reflect  +   M - +2 cloak "Afeoly" {rPois rF- Int+4 Dex+7 Stlth+}
rCorr    .         Harm     .   g - +1 pair of gloves {Str+3}
MR       +....                  o - +0 pair of boots
Stlth    +++++++...             R - +3 amulet of reflection
HPRegen  0.30/turn              S - ring of Mawnoigu {Str+3 Int+2 Slay+2}
MPRegen  0.20/turn              U - ring "Pihuanoz" {rC+ SInv}

@: no status effects
A: small, carnivore
a: Receive Corpses, Torment, Renounce Religion


You were in an ice cave.
You worshipped Kikubaaqudgha.
Kikubaaqudgha was extremely pleased with you.
You were very full.

You visited 6 branches of the dungeon, and saw 32 of its levels.
You also visited: Labyrinth, Ice Cave and Desolation.

You collected 2737 gold pieces.
You spent 988 gold pieces at shops.

Inventory:

Hand Weapons
 a - a +3 rapier of venom
 b - a +0 scimitar of flaming (weapon)
 r - a +3 vampiric short sword
 Y - a +10 blowgun
Missiles
 d - 2 throwing nets (quivered)
 k - 258 bolts
 u - 11 curare-tipped needles
Armour
 c - a +0 helmet (worn)
 g - a +1 pair of gloves of strength (worn)
 i - a +0 buckler (worn)
 m - a +0 troll leather armour
 o - a +0 pair of boots (worn)
 p - a +0 leather armour of fire resistance (worn)
 z - a +2 robe
 M - the +2 cloak "Afeoly" (worn) {rPois rF- Int+4 Dex+7 Stlth+}
   (You acquired it on level 3 of the Snake Pit)

   It affects your intelligence (+4).
   It affects your dexterity (+7).
   It makes you vulnerable to fire.
   It protects you from poison.
   It makes you more stealthy.
Jewellery
 v - an uncursed ring of poison resistance
 O - an uncursed amulet of regeneration
 R - a +3 amulet of reflection (around neck)
 S - the ring of Mawnoigu (left hand) {Str+3 Int+2 Slay+2}
   (You found it on level 9 of the Dungeon)

   [ring of slaying]

   It affects your strength (+3).
   It affects your intelligence (+2).
   It affects your accuracy and damage with ranged weapons and melee attacks
   (+2).
 U - the ring "Pihuanoz" (right hand) {rC+ SInv}
   (You found it on level 9 of the Dungeon)

   [ring of see invisible]

   It protects you from cold.
   It lets you see invisible.
 V - a +5 ring of dexterity
 X - a +4 ring of protection
Wands
 y - a wand of polymorph (22)
 I - a wand of paralysis (8)
 N - a wand of disintegration (4)
Scrolls
 e - 2 scrolls of summoning
 h - 13 scrolls of remove curse
 j - 14 scrolls of teleportation
 l - 2 scrolls of enchant weapon
 n - 4 scrolls of fog
 q - a scroll of fear
 t - 3 scrolls of amnesia
 E - 2 scrolls of magic mapping
 Q - 11 scrolls of identify
 Z - 2 scrolls of immolation
Potions
 s - 8 potions of curing
 w - 7 potions of flight
 x - a potion of invisibility
 A - 2 potions of ambrosia
 B - 5 potions of haste
 H - a potion of resistance
 J - a potion of berserk rage
 L - 2 potions of agility
Miscellaneous
 T - a phial of floods
Comestibles
 f - 40 rations


   Skills:
 + Level 16.7 Fighting
 - Level 10.0(12.2) Short Blades
 * Level 7.6(8.7) Long Blades
 - Level 2.1 Throwing
 - Level 6.0 Armour
 - Level 15.0 Dodging
 - Level 15.0 Stealth
 - Level 6.0 Shields
 - Level 6.0 Spellcasting
 + Level 0.3 Conjurations
 - Level 6.0 Hexes
 * Level 11.7 Necromancy
 - Level 9.0 Evocations


You had 4 spell levels left.
You knew the following spells:

 Your Spells              Type           Power        Failure   Level  Hunger
a - Pain                  Necr           ####         1%          1    None
b - Animate Skeleton      Necr           N/A          1%          1    None
c - Vampiric Draining     Necr           #####.....   1%          3    ##.....
d - Animate Dead          Necr           N/A          1%          4    ####...
e - Slow                  Hex            ###.....     1%          2    #......
f - Summon Butterflies    Summ           #.......     16%         1    None
g - Regeneration          Chrm/Necr      ###.......   4%          3    ##.....
h - Dispel Undead         Necr           #####...     3%          5    ######.
i - Corpse Rot            Necr           N/A          1%          2    #......
j - Dazzling Spray        Conj/Hex       ##....       13%         3    ##.....

Your spell library contained the following spells:

 Spells                   Type           Power        Failure   Level  Hunger
 Corona                   Hex            ###....      1%          1    None
 Sublimation of Blood     Necr           #####.....   1%          2    #......
 Confuse                  Hex            ###.....     4%          3    ##.....
 Tukima's Dance           Hex            ###.....     4%          3    ##.....
 Ensorcelled Hibernation  Hex/Ice        ##....       7%          2    #......
 Cause Fear               Hex            ###.......   13%         4    ####...
 Portal Projectile        Hex/Tloc       ##....       14%         3    ##.....
 Spectral Weapon          Hex/Chrm       ##......     14%         3    ##.....
 Summon Guardian Golem    Hex/Summ       ##......     14%         3    ##.....
 Beastly Appendage        Tmut           #.....       16%         1    None
 Flame Tongue             Conj/Fire      #....        16%         1    None
 Summon Small Mammal      Summ           #...         16%         1    None
 Call Imp                 Summ           #.......     24%         2    #......
 Sticks to Snakes         Tmut           #.......     24%         2    #......
 Stone Arrow              Conj/Erth      #.....       41%         3    ##.....
 Leda's Liquefaction      Hex/Erth       ##........   41%         4    ####...
 Call Canine Familiar     Summ           #.......     43%         3    ##.....
 Gell's Gravitas          Tloc           #.........   43%         3    ##.....
 Spider Form              Tmut/Pois      #.........   43%         3    ##.....
 Airstrike                Air            #.........   83%         4    ####...
 Force Lance              Conj/Tloc      #.......     83%         4    ####...
 Ice Form                 Ice/Tmut       #.......     83%         4    ####...
 Summon Ice Beast         Ice/Summ       #.......     83%         4    ####...
 Summon Lightning Spire   Summ/Air       #.......     83%         4    ####...
 Bolt of Draining         Conj/Necr      ###.......   36%         5    ######.
 Borgnjor's Vile Clutch   Necr/Erth      ###.......   36%         5    ######.
 Silence                  Hex/Air        ##........   77%         5    ######.
 Summon Mana Viper        Hex/Summ       ##......     77%         5    ######.
 Yara's Violent Unravell  Hex/Tmut       ##........   77%         5    ######.
 Simulacrum               Ice/Necr       ###.......   91%         6    #######
 Blade Hands              Tmut           #.........   99%         5    ######.
 Bolt of Magma            Conj/Fire/Erth #.........   99%         5    ######.
 Iskenderun's Battlesphe  Conj/Chrm      #.......     99%         5    ######.
 Summon Forest            Summ/Tloc      #.........   99%         5    ######.
 Venom Bolt               Conj/Pois      #.........   99%         5    ######.
 Bolt of Fire             Conj/Fire      #.........   100%        6    #######
 Conjure Ball Lightning   Conj/Air       #.........   100%        6    #######
 Deflect Missiles         Chrm/Air       #.........   100%        6    #######
 Dispersal                Tloc           #.........   100%        6    #######
 Freezing Cloud           Conj/Ice/Air   #.........   100%        6    #######
 Hydra Form               Tmut           #.........   100%        6    #######
 Iron Shot                Conj/Erth      #.........   100%        6    #######
 Dragon Form              Tmut           #.........   100%        7    #######
 Haunt                    Necr/Summ      ###.......   100%        7    #######
 Orb of Destruction       Conj           #.........   100%        7    #######
 Spellforged Servitor     Conj/Summ      #.........   100%        7    #######
 Summon Hydra             Summ           #.........   100%        7    #######
 Borgnjor's Revivificati  Necr           #####.....   100%        8    #######
 Controlled Blink         Tloc           N/A          100%        8    #######
 Death's Door             Chrm/Necr      ###.......   100%        8    #######
 Discord                  Hex            ###.......   100%        8    #######
 Disjunction              Tloc           #.........   100%        8    #######
 Infestation              Necr           #####.....   100%        8    #######
 Necromutation            Tmut/Necr      ###.......   100%        8    #######
 Dragon's Call            Summ           #.........   100%        9    #######
 Tornado                  Air            #.........   100%        9    #######


Dungeon Overview and Level Annotations

Branches:
Dungeon (15/15)            Temple (0/1) D:7            Lair (6/6) D:11
 Shoals (3/4) Lair:3        Snake (4/4) Lair:3        Slime (0/5) Lair:6
    Orc (2/2) D:10            Elf (2/3) Orc:2        Vaults (0/5) D:13
 Depths (0/5) D:15

Altars:
Cheibriados
Dithmenos
Fedhas
Gozag
Kikubaaqudgha
Sif Muna
Xom
Jiyva

Shops:
D:4 ?   Orc:1 =   Orc:2 :?(!   Shoals:2 (   Snake:4 (

Annotations:
D:13 3 runed doors, doomsgape's ghost, journeyman MiBe
Lair:2 exclusion: 2 oklob plants
Lair:4 1 runed door, Ypoint's ghost, adept DsAK
Snake:2 3 runed doors, 1 exclusion, Wiedarr's ghost, adept HaHu


Innate Abilities, Weirdness & Mutations

You are small and have problems with some larger weapons.
You are carnivorous and can eat meat at any time.


Message History

The golden dragon simulacrum freezes you!!
You resist.
The golden dragon simulacrum misses you.
You hit the golden dragon simulacrum.
You melt the golden dragon simulacrum.
The golden dragon simulacrum is almost destroyed.
The golden dragon simulacrum completely misses you.
The golden dragon simulacrum claws you.
The golden dragon simulacrum freezes you!!
You resist.
* * * LOW HITPOINT WARNING * * *
The golden dragon simulacrum misses you.
Okay, then.
You hit the golden dragon simulacrum.
You melt the golden dragon simulacrum.
The golden dragon simulacrum is almost destroyed.
The golden dragon simulacrum bites you!
* * * LOW HITPOINT WARNING * * *
The golden dragon simulacrum freezes you!!
You resist.
You die...
Kikubaaqudgha rasps: "You have failed me!
Welcome... death!"

###.4#...#
4# #..##'##
##+#...#
#...#
#...###
#...#.#
#+#...#'###
+.......'.#
#.8...8@###
+.......Z.#
#.8...8.###
+.......+
#.8...8.#
+.......+
####+####


You could see a golden dragon simulacrum.

Vanquished Creatures
  Vashnia (Snake:3)
  Rupert (D:14)
  Gastronok (D:12)
  4 nagarajas
  4 dire elephants (Lair:6)
  A minotaur (Lab)
  Azrael (D:14)
  A deep elf death mage (Elf:2)
  2 merfolk impalers (Shoals:1)
  A fire dragon (D:15)
  Harold (D:7)
  A rakshasa (D:15)
  A naga warrior (Snake:1)
  10 hydras
  An ice dragon (D:15)
  A peacekeeper (Elf:1)
  5 anacondas
  A centaur warrior (D:13)
  A death knight (D:12)
  An ogre mage (D:13)
  3 dancing weapons
  9 two-headed ogres
  4 shock serpents
  5 naga sharpshooters
  5 orc high priests
  6 deep elf knights
  Sonja (Lair:5)
  3 salamander mystics
  A skeletal warrior (D:12)
  5 unseen horrors
  A sea snake (Shoals:3)
  A lindwurm (D:10)
  3 deep elf archers (Elf:1)
  5 mana vipers
  A naga ritualist (Snake:2)
  A wolf spider zombie (D:14)
  An orb spider (shapeshifter) (D:14)
  Pikel (D:6)
  3 orc knights
  8 ugly things
  23 deep elf magi
  A harpy (Shoals:1)
  A necromancer (D:14)
  4 orc sorcerers (Orc:2)
  2 fauns
  5 cyclopes
  4 manticores
  2 ice statues (IceCv)
  7 elephants
  2 centaur zombies
  7 salamanders
  A water nymph (Shoals:1)
  4 merfolk sirens
  21 black mambas
  A gargoyle (D:12)
  8 naga magi
  11 spiny frogs
  2 rime drakes (Lair:5)
  A kobold demonologist (D:15)
  3 freezing wraiths
  5 komodo dragons
  3 ice devils (IceCv)
  6 merfolk (Shoals:1)
  A queen bee (shapeshifter) (D:13)
  A jumping spider (Lair:5)
  A polar bear (Lair:6)
  12 trolls
  2 hornets
  9 hippogriffs
  2 slime creatures (D:12)
  Grinder (D:4)
  2 snapping turtles (Shoals:3)
  3 saltlings (Desolation)
  8 blink frogs
  An air elemental (Elf:1)
  A tarantella (D:10)
  2 water elementals (Shoals:1)
  2 redbacks (Lab)
  4 fire elementals
  8 wraiths
  2 shadows
  2 vampires
  17 yaks
  2 wyverns
  2 basilisks
  3 hungry ghosts
  2 vampire mosquitoes (D:12)
  A harpy simulacrum (IceCv)
  14 nagas
  2 wargs (D:10)
  A hydra simulacrum (IceCv)
  An acid dragon (D:12)
  3 hell hounds (D:14)
  13 water moccasins
  8 porcupines
  Duvessa (D:7)
  25 orc warriors
  5 ice beasts
  A black bear (Lair:1)
  An eye of draining (D:10)
  5 sky beasts
  A hornet zombie (D:14)
  13 ogres
  A necrophage (D:8)
  3 phantoms
  6 centaurs
  15 wolves
  15 crocodiles
  18 bullfrogs
  A gnoll sergeant (D:7)
  A wyvern zombie (D:12)
  Dowan (D:7)
  2 scorpions
  7 killer bees
  9 howler monkeys
  9 wights
  An electric eel (D:9)
  4 bullfrog zombies
  8 crimson imps
  A quasit (D:11)
  A wyvern simulacrum (D:14)
  5 centaur skeletons
  4 hounds
  4 jellies
  32 orc wizards
  29 orc priests
  6 bullfrog skeletons
  Crazy Yiuf (D:4)
  A gnoll shaman (D:4)
  11 iguanas
  6 worker ants
  A bullfrog simulacrum (D:9)
  2 hound zombies
  A hound skeleton (D:10)
  Robin (D:2)
  2 worker ant zombies (D:5)
  16 gnolls
  11 adders
  2 shadow imps (D:12)
  An adder skeleton (D:6)
  7 worms
  3 dart slugs
  4 leopard geckos
  96 orcs
  2 ball pythons
  12 giant cockroaches
  17 goblins
  16 hobgoblins
  6 jackals
  6 kobolds
  A quokka (D:8)
  11 bats
  3 frilled lizards
  A jackal skeleton (D:8)
  A leopard gecko skeleton (D:5)
  A leopard gecko zombie (D:5)
  A quokka zombie (D:5)
  5 rats
  4 plants (Lair:6)
852 creatures vanquished.

Vanquished Creatures (collateral kills)
  Louise (D:14)
  2 dire elephants (Lair:6)
  A ragged hierophant (Desolation)
  A peacekeeper (Elf:1)
  A servant of whispers (Desolation)
  A naga warrior (Snake:2)
  A satyr (Shoals:3)
  A two-headed ogre (D:12)
  A dancing weapon (Elf:1)
  7 naga sharpshooters
  A shock serpent (Snake:2)
  A salamander mystic (Snake:3)
  An unseen horror (D:15)
  4 naga ritualists
  A lindwurm (shapeshifter) (D:15)
  2 deep elf magi (Elf:1)
  A mana viper (Snake:1)
  A manticore (Shoals:1)
  8 fauns
  An ugly thing (D:15)
  2 harpies (Shoals:1)
  2 salamanders
  A cyclops (D:15)
  3 merfolk sirens
  2 guardian serpents
  4 naga magi
  A water nymph (Shoals:1)
  7 black mambas
  A spiny frog (Lair:4)
  A centaur skeleton (D:12)
  A yaktaur (D:12)
  A merfolk (Shoals:1)
  2 saltlings (Desolation)
  A wraith (D:12)
  A fire elemental (Elf:1)
  3 yaks (Lair:5)
  2 hungry ghosts
  A steam dragon (Snake:1)
  13 nagas
  An ogre (D:12)
  A crocodile (Lair:4)
  A bullfrog (D:14)
  A crimson imp (D:12)
  2 orc priests (Orc:2)
  An orc wizard (D:15)
  2 orcs
  4 plants
100 creatures vanquished.

Vanquished Creatures (others)
  A two-headed ogre (D:8)
  A deep elf knight (Elf:1)
  A deep elf mage (Elf:2)
  An orc warrior (D:8)
  An ogre (D:8)
  A centaur (Shoals:1)
  A crocodile (D:8)
  A crimson imp (D:6)
  A hound (D:8)
  An orc wizard (D:8)
  A howler monkey zombie (D:8)
  4 orcs (D:8)
  20 fungi
  14 plants
49 creatures vanquished.

Grand Total: 1001 creatures vanquished

Notes
Turn   | Place    | Note
-------+----------+-------------------------------------------
     0 | D:1      | Ihlosi the Kobold Gladiator began the quest for the Orb.
     0 | D:1      | Reached XP level 1. HP: 12/12 MP: 1/1
   103 | D:1      | Reached XP level 2. HP: 15/17 MP: 2/2
   411 | D:1      | Reached skill level 1 in Stealth
   493 | D:1      | Reached XP level 3. HP: 22/22 MP: 3/3
  1179 | D:2      | Reached XP level 4. HP: 27/27 MP: 4/4
  1195 | D:2      | Noticed Robin
  1217 | D:2      | Killed Robin
  1582 | D:2      | Reached skill level 5 in Short Blades
  1582 | D:2      | Reached skill level 1 in Armour
  1593 | D:2      | Reached XP level 5. HP: 21/32 MP: 5/5
  1709 | D:2      | Found an ancient bone altar of Kikubaaqudgha.
  1755 | D:2      | Became a worshipper of Kikubaaqudgha
  2044 | D:2      | Found an opulent altar of Gozag.
  2045 | D:2      | Found a deep blue altar of Sif Muna.
  2278 | D:3      | Reached skill level 3 in Fighting
  2628 | D:3      | Reached * piety under Kikubaaqudgha
  2628 | D:3      | Identified Kikubaaqudgha's Handbook of Evil (Kikubaaqudgha
                  | gifted it to you on level 3 of the Dungeon)
  2628 | D:3      | Received a gift from Kikubaaqudgha
  2632 | D:3      | Learned a level 1 spell: Pain
  2634 | D:3      | Learned a level 1 spell: Animate Skeleton
  3221 | D:4      | Reached XP level 6. HP: 23/37 MP: 6/6
  3362 | D:4      | Reached skill level 5 in Dodging
  3626 | D:4      | Reached XP level 7. HP: 23/41 MP: 7/7
  3939 | D:4      | Found Xavvet's Magic Scroll Emporium.
  3942 | D:4      | Bought a scroll of fear for 35 gold pieces
  3942 | D:4      | Bought a scroll of teleportation for 30 gold pieces
  3942 | D:4      | Bought a scroll of magic mapping for 35 gold pieces
  4019 | D:4      | Found a runed door.
  4023 | D:4      | Noticed Crazy Yiuf
  4027 | D:4      | Killed Crazy Yiuf
  4192 | D:4      | Reached ** piety under Kikubaaqudgha
  4348 | D:4      | Reached skill level 4 in Fighting
  4424 | D:4      | Noticed Grinder
  4424 | D:4      | Paralysed by Grinder for 7 turns
  4437 | D:4      | Paralysed by Grinder for 5 turns
  4445 | D:4      | Killed Grinder
  4445 | D:4      | Reached skill level 5 in Stealth
  4445 | D:4      | Reached XP level 8. HP: 23/48 MP: 8/8
  4542 | D:5      | Entered Level 5 of the Dungeon
  5002 | D:5      | Reached skill level 5 in Fighting
  5399 | D:5      | Found a shadowy altar of Dithmenos.
  5510 | D:5      | Reached *** piety under Kikubaaqudgha
  5510 | D:5      | Identified Kikubaaqudgha's Grimoire of Evil (Kikubaaqudgha
                  | gifted it to you on level 5 of the Dungeon)
  5510 | D:5      | Received a gift from Kikubaaqudgha
  5600 | D:5      | Reached skill level 1 in Spellcasting
  5861 | D:5      | Reached skill level 1 in Necromancy
  5961 | D:6      | Noticed Pikel
  6006 | D:6      | Reached XP level 9. HP: 55/55 MP: 10/10
  6047 | D:6      | Killed Pikel
  6047 | D:6      | Reached skill level 6 in Fighting
  6166 | D:6      | Found a blossoming altar of Fedhas.
  6816 | D:7      | Noticed Harold
  6827 | D:7      | Killed Harold
  6827 | D:7      | Reached skill level 1 in Evocations
  6827 | D:7      | Reached XP level 10. HP: 58/61 MP: 11/11
  6834 | D:7      | Found a staircase to the Ecumenical Temple.
  7046 | D:7      | Reached skill level 10 in Short Blades
  7292 | D:7      | Noticed Dowan
  7292 | D:7      | Noticed Duvessa
  7309 | D:7      | Killed Dowan
  7315 | D:7      | Killed Duvessa
  7315 | D:7      | Reached skill level 10 in Stealth
  7779 | D:8      | Reached skill level 7 in Fighting
  7779 | D:8      | Killed a two-headed ogre
  7968 | D:8      | Learned a level 3 spell: Vampiric Draining
  7973 | D:8      | Learned a level 4 spell: Animate Dead
  8185 | D:8      | Found a shimmering altar of Xom.
  8582 | D:9      | Reached **** piety under Kikubaaqudgha
  8793 | D:9      | Noticed a five-headed hydra
  9140 | D:9      | Reached skill level 8 in Fighting
  9385 | D:9      | Paralysed by a hornet for 1 turns
  9394 | D:9      | Killed a five-headed hydra
  9394 | D:9      | Reached XP level 11. HP: 40/69 MP: 12/14
  9605 | D:9      | Reached skill level 9 in Fighting
  9660 | D:9      | Got a sparkling bronze ring
  9661 | D:9      | Identified the ring of Mawnoigu {Str+3 Int+2 Slay+2} (You
                  | found it on level 9 of the Dungeon)
  9769 | D:9      | Got a scorched glass ring
  9772 | D:9      | Identified the ring "Pihuanoz" {rC+ SInv} (You found it on
                  | level 9 of the Dungeon)
  9806 | D:10     | Entered Level 10 of the Dungeon
 10119 | D:10     | Found a staircase to the Orcish Mines.
 10149 | D:10     | Reached skill level 5 in Evocations
 10682 | D:10     | Reached skill level 5 in Necromancy
 10999 | D:11     | Noticed a manticore
 11016 | D:11     | Killed a manticore
 11016 | D:11     | Reached skill level 10 in Fighting
 11157 | D:11     | Noticed a manticore
 11172 | D:11     | Killed a manticore
 11457 | D:11     | Found a snail-covered altar of Cheibriados.
 11489 | D:11     | Found a staircase to the Lair.
 12023 | D:11     | Reached ***** piety under Kikubaaqudgha
 12280 | Lair:1   | Entered Level 1 of the Lair of Beasts
 12302 | Lair:1   | Found a labyrinth entrance.
 12317 | Lab      | Entered a labyrinth
 12561 | Lab      | Reached skill level 11 in Fighting
 12651 | Lab      | Noticed a minotaur
 12668 | Lab      | Killed a minotaur
 12690 | Lab      | Got a shimmering silver ring
 12702 | Lab      | Identified the Volume of Torrid Bewitchment
 12737 | Lab      | Identified the ring of Niot {Int+2 SInv} (You took it off a
                  | minotaur in a labyrinth)
 12892 | Lair:1   | Reached XP level 12. HP: 80/80 MP: 16/16
 13090 | Lair:1   | Learned a level 2 spell: Slow
 13175 | Lair:1   | You fall through a shaft!
 13552 | Lair:2   | Got a twisted falchion
 13553 | Lair:2   | Identified the cursed +1 falchion "Beetlebane" {slice,
                  | Int+7} (You found it on level 2 of the Lair of Beasts)
 13590 | Lair:2   | Reached skill level 12 in Fighting
 13687 | Lair:2   | Noticed a four-headed hydra
 13709 | Lair:2   | Killed a four-headed hydra
 13709 | Lair:2   | Reached skill level 1 in Hexes
 14002 | Lair:2   | Reached skill level 1 in Long Blades
 14969 | Lair:3   | Found a staircase to the Shoals.
 15942 | Lair:3   | Noticed a five-headed hydra
 16311 | Lair:3   | Found a staircase to the Snake Pit.
 16331 | Lair:3   | Reached XP level 13. HP: 84/87 MP: 17/17
 16346 | Lair:3   | Reached skill level 13 in Fighting
 16901 | Lair:3   | Killed a five-headed hydra
 16901 | Lair:3   | Reached skill level 10 in Dodging
 17152 | Lair:3   | Got a warped trident
 17422 | Lair:4   | Got a fine battleaxe
 17482 | Lair:3   | Reached skill level 1 in Shields
 18481 | Lair:4   | Found a runed door.
 18485 | Lair:4   | Noticed Ypoint's ghost (adept DsAK)
 19054 | Lair:5   | Noticed Snorg
 19058 | Lair:5   | Noticed Snorg
 19058 | Lair:5   | Snorg changed into Snorg the jumping spider
 19070 | Lair:5   | Killed Snorg the jumping spider
 19143 | Lair:5   | Noticed a six-headed hydra
 19153 | Lair:5   | Killed a six-headed hydra
 19524 | Lair:5   | Noticed Sonja
 19533 | Lair:5   | Killed Sonja
 19539 | Lair:5   | Identified the cursed +0 trident of the Briny Deep
                  | {protect, +Inv rPois Int+4} (You found it on level 3 of the
                  | Lair of Beasts)
 19540 | Lair:5   | Identified the +5 battleaxe of Guile {chop, rN+ Dex+4} (You
                  | found it on level 4 of the Lair of Beasts)
 20047 | Lair:6   | Entered Level 6 of the Lair of Beasts
 20380 | Orc:1    | Entered Level 1 of the Orcish Mines
 20380 | Orc:1    | Noticed Urug
 21183 | D:10     | Noticed Urug
 21183 | D:10     | Urug changed into Urug the tarantella
 21189 | D:10     | Killed Urug the tarantella
 21189 | D:10     | Reached ****** piety under Kikubaaqudgha
 21573 | Orc:1    | Found Okeitrodog's Jewellery Shoppe.
 21652 | Orc:2    | Entered Level 2 of the Orcish Mines
 22137 | Orc:2    | Found a staircase to the Elven Halls.
 22282 | Orc:2    | Reached XP level 14. HP: 83/95 MP: 18/18
 22537 | Orc:2    | Reached skill level 14 in Fighting
 22810 | Orc:2    | Found Xeqewk's Weapon Shop.
 22810 | Orc:2    | Found Pafuu's Book Boutique.
 22821 | Orc:2    | Found Figy's Magic Scroll Boutique.
 22823 | Orc:2    | Found Quirgh's Distillery.
 22827 | Orc:2    | Bought a scroll of torment for 112 gold pieces
 22827 | Orc:2    | Bought a scroll of summoning for 142 gold pieces
 23064 | Orc:2    | Received a gift from Kikubaaqudgha
 23914 | D:12     | Noticed Gastronok
 24471 | Lair:6   | Found a staircase to the Slime Pits.
 24472 | Lair:6   | Found a viscous altar of Jiyva.
 24560 | Lair:6   | Identified Filesao's Grimoire of Flying Attacks
 24720 | Lair:6   | Reached skill level 5 in Armour
 24771 | Lair:6   | Learned a level 1 spell: Summon Butterflies
 25658 | D:12     | Killed Gastronok
 25658 | D:12     | Reached skill level 15 in Fighting
 25658 | D:12     | Reached skill level 5 in Hexes
 25658 | D:12     | Reached XP level 15. HP: 88/103 MP: 19/19
 26202 | D:13     | Found a gate to the Vaults.
 26758 | D:13     | Found a runed gate.
 26760 | D:13     | Found a runed gate.
 26760 | D:13     | Found a runed gate.
 26760 | D:13     | Noticed doomsgape's ghost (journeyman MiBe)
 27072 | D:14     | Noticed Rupert
 27102 | D:14     | Killed Rupert
 27386 | D:14     | Noticed Louise
 27410 | D:14     | Killed Louise
 27410 | D:14     | Reached skill level 5 in Long Blades
 27656 | D:14     | Noticed Azrael
 27705 | D:14     | Killed Azrael
 27955 | D:15     | Entered Level 15 of the Dungeon
 28388 | D:15     | Reached XP level 16. HP: 84/109 MP: 21/21
 29727 | D:15     | Found a staircase to the Depths.
 29735 | D:15     | Reached skill level 5 in Shields
 30039 | Snake:1  | Entered Level 1 of the Snake Pit
 30178 | Snake:1  | Reached skill level 16 in Fighting
 30579 | Snake:2  | Found a runed gate.
 30580 | Snake:2  | Found a runed gate.
 30594 | Snake:2  | Found a runed gate.
 30622 | Snake:2  | Noticed Wiedarr's ghost (adept HaHu)
 30845 | Snake:2  | Noticed a nagaraja
 30855 | Snake:2  | Killed a nagaraja
 31430 | Snake:2  | Noticed a nagaraja
 31449 | Snake:2  | Killed a nagaraja
 32370 | Snake:3  | Reached XP level 17. HP: 97/115 MP: 17/23
 32447 | Snake:3  | Identified a scroll of acquirement
 32448 | Snake:3  | Got a translucent cloak
 32449 | Snake:3  | Identified the +2 cloak "Afeoly" {rPois rF- Int+4 Dex+7
                  | Stlth+} (You acquired it on level 3 of the Snake Pit)
 32498 | Snake:3  | Learned a level 3 spell: Regeneration
 32504 | Snake:3  | Learned a level 5 spell: Dispel Undead
 33012 | Snake:4  | Entered Level 4 of the Snake Pit
 33030 | Snake:4  | Found Wuroudah's Antique Weapon Boutique.
 33057 | Snake:4  | Reached skill level 15 in Stealth
 33205 | Snake:3  | Noticed Vashnia
 33209 | Snake:3  | Killed Vashnia
 33209 | Snake:3  | Reached skill level 5 in Spellcasting
 33958 | Lair:6   | Learned a level 2 spell: Corpse Rot
 34098 | Lair:6   | Reached skill level 10 in Necromancy
 35270 | Elf:1    | Entered Level 1 of the Elven Halls
 35587 | Elf:1    | Found a ruined gateway.
 35733 | Desolati | Entered the Desolation of Salt
 36089 | Elf:1    | Learned a level 3 spell: Dazzling Spray
 36532 | Elf:1    | Reached XP level 18. HP: 122/122 MP: 25/27
 36688 | Elf:1    | You fall through a shaft!
 37029 | Orc:2    | Bought a scroll of teleportation for 45 gold pieces
 37029 | Orc:2    | Bought a scroll of enchant weapon for 112 gold pieces
 37029 | Orc:2    | Bought a scroll of magic mapping for 52 gold pieces
 37029 | Orc:2    | Bought a scroll of identify for 30 gold pieces
 37065 | Orc:1    | You fall through a shaft!
 37098 | Orc:1    | Bought an uncursed amulet of harm for 360 gold pieces
 37302 | D:4      | Bought a scroll of magic mapping for 35 gold pieces
 37679 | Shoals:1 | Entered Level 1 of the Shoals
 38344 | Shoals:1 | Reached skill level 15 in Dodging
 38422 | Shoals:2 | Found Sopuro's Antique Weapon Boutique.
 38423 | Shoals:2 | You fall through a shaft!
 38514 | Shoals:3 | Found a frozen archway.
 38544 | IceCv    | Entered an ice cave
 39018 | IceCv    | Mangled by a golden dragon simulacrum

Skill      XL: |  1  2  3  4  5  6  7  8  9 10 11 12 13 14 15 16 17 18 |
---------------+-------------------------------------------------------+-----
Dodging        | 4 5 6 7 8 9 11 12 13 14 15 | 15.0
Stealth        | 1 2 3 5 6 9 10 11 12 13 14 15 | 15.0
Short Blades   | 5 6 7 9 10 | 10.0
Armour         | 1 2 3 4 5 6 |  6.0
Fighting       | 3 4 5 6 8 11 12 13 15 16 | 16.7
Spellcasting   | 1 2 3 4 6 |  6.0
Necromancy     | 1 2 4 5 6 7 8 9 10 11 | 11.7
Evocations     | 1 4 5 6 8 9 |  9.0
Hexes          | 2 3 5 6 |  6.0
Long Blades    | 1 3 4 5 7 |  7.6
Shields        | 2 3 4 5 6 |  6.0
Throwing       | |  2.1
Conjurations   | |  0.3

Action                   |  1- 3 |  4- 6 |  7- 9 | 10-12 | 13-15 | 16-18 || total
-------------------------+-------+-------+-------+-------+-------+-------++-------
Melee: Rapier            |   120 |   252 |   235 |   726 |  1179 |   697 ||  3209
       Scimitar          |       |       |       |       |       |   232 ||   232
       Short sword       |       |       |       |       |       |   151 ||   151
 Fire: Blowgun           |       |       |       |       |    15 |     3 ||    18
       Shortbow          |       |       |       |       |       |     2 ||     2
Throw: Throwing net      |       |     1 |     2 |     3 |       |     6 ||    12
 Cast: Vampiric Draining |       |       |       |       |    15 |     3 ||    18
       Animate Dead      |       |       |       |       |    18 |    89 ||   107
       Slow              |       |       |       |       |     1 |       ||     1
       Pain              |       |       |       |       |     3 |       ||     3
       Summon Butterflie |       |       |       |       |       |     1 ||     1
       Animate Skeleton  |       |       |       |       |       |     3 ||     3
       Regeneration      |       |       |       |       |       |     2 ||     2
       Dazzling Spray    |       |       |       |       |       |     4 ||     4
Invok: Receive Necronomi |       |       |       |       |     1 |       ||     1
       Receive Corpses   |       |       |       |       |       |    35 ||    35
Evoke: Wand              |       |       |       |    14 |    86 |    40 ||   140
       Phial of floods   |       |       |       |       |     2 |     1 ||     3
  Use: Potion            |       |     2 |     3 |     4 |     4 |    13 ||    26
       Scroll            |       |     5 |     9 |    15 |    13 |    21 ||    63
 Stab: Sleeping          |     1 |     5 |    13 |    34 |    30 |    46 ||   129
       Held in net/web   |       |       |     1 |     3 |       |     7 ||    11
       Invisible         |       |       |     1 |       |       |     1 ||     2
       Distracted        |       |       |       |     3 |     6 |    25 ||    34
       Paralysed         |       |       |       |     2 |    13 |    14 ||    29
  Eat: Chunk             |     8 |     9 |    11 |    36 |    59 |    56 ||   179
       Ration            |       |       |       |     1 |       |     6 ||     7
Armor: Leather armour    |    26 |    37 |    28 |    75 |    31 |    14 ||   211
       Troll leather arm |       |       |       |       |    81 |    88 ||   169
Dodge: Dodged            |    83 |   170 |   186 |   506 |   975 |   994 ||  2914
Block: Other             |       |       |       |    40 |   142 |    82 ||   264
       Reflection        |       |       |       |       |     3 |    22 ||    25
       Buckler           |       |       |       |       |       |   115 ||   115
       Rpst.: Scimitar   |       |       |       |       |       |    34 ||    34
